 Dungeon Crawl Stone Soup version 0.31-a0-851-g7ff8af7976 (webtiles) character file.

Game seed: 1217712459399566380

133 promet the Poker (level 5, -2/41 HPs)
             Began as a Merfolk Gladiator on Oct 5, 2023.
             Slain by a steam dragon (5 damage)
             ... on level 4 of the Dungeon.
             The game lasted 00:12:32 (2581 turns).

promet the Poker (Merfolk Gladiator)                Turns: 2581, Time: 00:12:33

Health: -2/41      AC: 13    Str: 20    XL:     5   Next: 16%
Magic:  5/5        EV: 12    Int:  9    God:
Gold:   74         SH:  0    Dex: 16    Spells: 4/4 levels left

rFire   . . .        a - +1 trident
rCold   . . .        (no shield)
rNeg    . . .        f - +0 scale mail {rPois}
rPois   +            d - +1 helmet
rElec   .            (no cloak)
rCorr   .            (no gloves)
SInv    .            o - +0 pair of boots
Will    .....        (no amulet) Stlth
                     h - +6 ring of strength
HPRegen 0.26/turn    p - +4 ring of protection
MPRegen 0.09/turn

%: no passive effects
@: no status effects
A: (nimble swimmer 2), mertail
a: no special abilities


You were on level 4 of the Dungeon.
You visited 1 branch of the dungeon, and saw 4 of its levels.

You collected 187 gold pieces.
You spent 113 gold pieces at shops.

Inventory:

Hand Weapons
 a - a +1 trident (weapon)
 b - a +0 shortbow
 c - a +1 dagger of venom
 s - a +0 morningstar
Missiles
 e - a javelin (quivered)
 g - 23 stones
 m - 4 throwing nets
 t - 2 silver javelins
Armour
 d - a +1 helmet (worn)
 f - a +0 scale mail of poison resistance (worn)
 k - a +0 leather armour
 o - a +0 pair of boots (worn)
Jewellery
 h - a +6 ring of strength (left hand)
 p - a +4 ring of protection (right hand)
Scrolls
 q - a scroll of amnesia
 r - 2 scrolls of identify {unknown}
 u - a scroll of blinking {unknown}
Potions
 j - a potion of berserk rage {unknown}
 l - 2 potions of curing {unknown}
 n - a potion of haste {unknown}


   Skills:
 * Level 3.6 Fighting
 + Level 5.3 Polearms
 + Level 0.4 Ranged Weapons
 + Level 2.0 Throwing
 + Level 0.8 Armour
 + Level 4.9 Dodging


You had 4 spell levels left.
You didn't know any spells.
Your spell library contained the following spells:

 Spells                   Type           Power      Damage    Failure   Level
 Kiss of Death            Conj/Necr      0%         2d5       77%         1
 Confusing Touch          Hex            0%         N/A       98%         3
 Dispel Undead            Necr           0%         3d6       100%        4


Dungeon Overview and Level Annotations

Branches:
Dungeon (4/15)
 Temple: D:4-7

Altars:

Shops:
D:2 (=[


Innate Abilities, Weirdness & Mutations

((You are very nimble when in or above water. (Stealth+, EV+, Speed+++)))
Your lower body shifts to a powerful aquatic tail in water.


Message History

The adder closely misses you. The adder bites you but does no damage.
You hit the adder.
You kill the adder!
Things that are here:
a +0 dagger; a goblin corpse You now have 74 gold pieces (gained 7).
A steam dragon comes into view.
Found a stone staircase leading up.
The steam dragon hisses angrily.
As you read the scroll labelled TUCSUAKKIL, it crumbles to dust.
It is a scroll of enchant armour.
Your +0 helmet glows green for a moment.
The steam dragon breathes steam at you. The ball of steam hits you!!
Ouch! That really hurt!
You hit the steam dragon.
The steam dragon is lightly wounded.
The steam dragon barely misses you.
The steam dragon claws you but does no damage.
You barely miss the steam dragon.
The steam dragon is lightly wounded.
The steam dragon barely misses you. x2
You barely miss the steam dragon.
The steam dragon is lightly wounded.
The steam dragon bites you.
The steam dragon claws you but does no damage.
You closely miss the steam dragon.
The steam dragon is lightly wounded.
The steam dragon breathes steam at you. The ball of steam hits you.
* * * LOW HITPOINT WARNING * * *
The steam dragon bites you!
* * * LOW HITPOINT WARNING * * *
The steam dragon closely misses you.
You barely miss the steam dragon.
The steam dragon is lightly wounded.
The steam dragon bites you.
* * * LOW HITPOINT WARNING * * *
The steam dragon claws you.
You die...

.... #... #... .... #
#..### # #...## #
##...### # ####...D.§##
### #......@.§§##
#####.. ##.....§§§§.##
###.....#
#......§§.§.###......##
##.....§§§§..##......##
#.......§##..........#
##.......####........#
##......# #......###
##....## #...####
###..# #.###


You could see a steam dragon (catching breath).

Vanquished Creatures
  5 adders
  2 worms
  5 dart slugs
  2 orcs
  6 endoplasms
  3 giant cockroaches
  6 goblins
  9 hobgoblins
  3 jackals (D:1)
  3 kobolds
  3 quokkas
  5 ball pythons
  6 bats
  3 frilled lizards
  4 rats
65 creatures vanquished.

Notes
Turn   | Place    | Note
-------+----------+-------------------------------------------
     0 | D:1      | promet the Merfolk Gladiator began the quest for the Orb.
     0 | D:1      | Reached XP level 1. HP: 16/16 MP: 1/1
    85 | D:1      | Reached XP level 2. HP: 22/22 MP: 2/2
   278 | D:1      | Reached XP level 3. HP: 28/28 MP: 3/3
   825 | D:2      | Reached XP level 4. HP: 7/35 MP: 4/4
  1059 | D:2      | Reached skill level 5 in Polearms
  1206 | D:2      | Found Zexkeas's Armour Boutique.
  1212 | D:2      | Bought a +0 scale mail of poison resistance for 80 gold
                  | pieces
  1242 | D:2      | Found Setatuq's Jewellery Shop.
  1502 | D:2      | Found a faded altar of an unknown god.
  1625 | D:2      | Found Estroblep's Weapon Boutique.
  1637 | D:2      | Bought a +0 shortbow for 33 gold pieces
  2061 | D:3      | Identified the +0 scale mail "Owky" {rElec rC+++ Will+
                  | Str-2}
  2361 | D:3      | Reached XP level 5. HP: 41/41 MP: 5/5
  2568 | D:4      | Noticed a steam dragon
  2581 | D:4      | Slain by a steam dragon

Illustrated notes

Levels and vault maps discovered:
D:1:      psy_arrival_fountain, layout_basic, minmay_door_square
D:2:      layout_rooms, serial_shops, nicolae_shop_scrapyard,
          nicolae_shop_back_alley_shop, shop,
          shapermc_ecumenical_altar_notcrosses
D:3:      layout_rooms, chequers_serial_rivers_micro_a
D:4:      layout_cave_pods

Skill      XL: |  1  2  3  4 |
---------------+-------------+-----
Fighting       | 3 |  3.6
Polearms       | 5 |  5.3
Ranged Weapons | |  0.4
Throwing       | |  2.0
Armour         | |  0.8
Dodging        | |  4.9

Action                     |  1- 3 |  4- 6 || total
---------------------------+-------+-------++-------
  Melee: Trident           |    71 |    98 ||   169
         Punch             |     1 |     1 ||     2
   Fire: Shortbow          |       |    30 ||    30
  Throw: Javelin           |       |     1 ||     1
    Use: Potion            |     1 |       ||     1
         Scroll            |       |     6 ||     6
 Armour: Leather armour    |    39 |     5 ||    44
         Scale mail        |       |    62 ||    62
  Dodge: Dodged            |    66 |    51 ||   117

Table legend: (Time is in decaauts)
 A = Elapsed time spent in this place.
 B = Non-inter-level travel time spent in this place.
 C = Inter-level travel time spent in this place.
 D = Time resting spent in this place.
 E = Time spent auto-exploring this place.
 F = Levels seen in this place.
 G = Mean time per level.
                   A        B        C        D        E       F      G
               +--------+--------+--------+--------+--------+-----+--------+
         Total |   2597 |   2490 |    107 |    409 |   1069 |   4 |  649.2 |
       Dungeon |   2597 |   2490 |    107 |    409 |   1069 |   4 |  649.2 |
               +--------+--------+--------+--------+--------+-----+--------+

Top non-repeatable levels by time:
     D:2: 1084 daAuts
     D:1: 768 daAuts
     D:3: 586 daAuts
     D:4: 157 daAuts
